[Event "Titled Tuesday Blitz April 11 Early 2023"]
[White "Zhigalko, Sergei"]
[Black "Pranesh M"]
[WhiteFideId "13502956"]
[BlackFideId "35028600"]
[WhiteElo "2626"]
[BlackElo "2437"]
[Result "1-0"]
[Round "08"]
[TimeControl "180+2"]
[Date "2023.04.11"]
[WhiteClock "0:00:02"]
[BlackClock "0:00:05"]

1. e4 e5 2. Nf3 Nc6 3. Bc4 Nf6 4. d3 Bc5 5. O-O O-O 6. Nbd2 a6 7. c3 h6 8. Re1 d6 9. Bb3 Ng4 10. Re2 Kh8 11. h3 f5 12. exf5 Nxf2 13. Rxf2 Bxf5 14. Ne4 Ba7 15. Qe2 d5 16. Ng3 Bxd3 17. Qxd3 Bxf2+ 18. Kxf2 e4 19. Nxe4 Ne5 20. Qxd5 Qh4+ 21. Ke2 Nxf3 22. gxf3 Qxh3 23. Nf2 Qg3 24. Be3 Rae8 25. Rf1 c6 26. Qh5 Qf4 27. Ng4 Re7 28. Rf2 Rfe8 29. Kf1 Rxe3 30. Nxe3 Qxe3 31. Qg4 Re5 32. f4 Re8 33. Re2 Qd3 34. Kf2 Rf8 35. Qf3 Qf5 36. Re4 Qc5+ 37. Ke2 a5 38. Qe3 Qb5+ 39. Ke1 Qh5 40. Re5 Qh1+ 41. Ke2 Qg2+ 42. Qf2 Qg4+ 43. Qf3 Qd7 44. Bc2 Qf7 45. Qe4 Qg8 46. Re7 b5 47. Ke3 a4 48. a3 Rd8 49. Bd3 Rf8 50. Ke2 Rd8 51. Kf2 Rf8 52. Kg3 Rd8 53. Qg6 c5 54. Be4 c4 55. Kf3 Rf8 56. Kg3 Rf6 57. Qg4 Qb8 58. Qxg7# 1-0


[Site "https://www.chess.com"]

[Event "Titled Tuesday Blitz April 11 Early 2023"]
[White "Zakhartsov, Vladimir"]
[Black "Gholami Orimi, Mahdi"]
[WhiteFideId "4145097"]
[BlackFideId "12558486"]
[WhiteElo "2497"]
[BlackElo "2363"]
[Result "0-1"]
[Round "08"]
[TimeControl "180+2"]
[Date "2023.04.11"]
[WhiteClock "0:00:01"]
[BlackClock "0:00:05"]

1. e4 e5 2. Nf3 Nc6 3. Nc3 Nf6 4. a3 d5 5. Bb5 Nxe4 6. Qe2 Nxc3 7. Qxe5+ Be7 8. Qxc3 O-O 9. Bxc6 bxc6 10. d4 Bd6 11. Be3 Rb8 12. O-O Re8 13. Ne5 Qh4 14. Qxc6 Be6 15. Qc3 f6 16. g3 Qh3 17. Nd3 Bg4 18. Nf4 Bxf4 19. Bxf4 g5 20. Bxc7 Rbc8 21. Rfe1 Be2 22. f3 Re7 23. Qd2 Rce8 24. Bd6 Re6 25. Bc7 Bxf3 26. Rxe6 Rxe6 27. Be5 fxe5 28. Qxg5+ Kf7 29. Qd2 e4 30. Rf1 Rf6 31. Rf2 Qe6 32. Qa5 e3 33. Qc7+ Kg6 34. Rxf3 Rxf3 35. Qd8 e2 36. Kg2 Rf1 37. h4 e1=Q 38. h5+ Kxh5 39. Qh4+ Kg6 0-1


[Site "https://www.chess.com"]

[Event "Titled Tuesday Blitz April 11 Early 2023"]
[White "Corrales Jimenez, Fidel"]
[Black "Svane, Frederik"]
[WhiteFideId "3506690"]
[BlackFideId "12923044"]
[WhiteElo "2541"]
[BlackElo "2502"]
[Result "0-1"]
[Round "08"]
[TimeControl "180+2"]
[Date "2023.04.11"]
[WhiteClock "0:00:02"]
[BlackClock "0:00:26"]

1. e4 c5 2. Nf3 d6 3. d4 cxd4 4. Nxd4 Nf6 5. Nc3 Nc6 6. Bg5 e6 7. Qd2 a6 8. O-O-O Be7 9. h4 Bd7 10. Nxc6 Bxc6 11. Bd3 h6 12. Bf4 Rc8 13. f3 d5 14. Kb1 dxe4 15. fxe4 Qa5 16. Rhf1 Bb4 17. Qe1 Bxe4 18. Bxe4 Rxc3 19. Bd2 Rc4 20. Bxb7 O-O 21. Bf3 Rb8 22. Bxb4 Rcxb4 23. b3 Qc5 24. Qf2 Qe7 25. Qd2 Rxh4 26. Qa5 e5 27. Rfe1 e4 28. Qxa6 Qe5 29. Be2 Nd5 30. Rxd5 Qxd5 31. Bc4 Qd2 32. Rc1 Rf4 33. g3 Rf2 34. a4 e3 35. Qa7 Re8 36. a5 e2 37. Qxf2 e1=Q 38. Qxf7+ Kh8 39. Rxe1 Rxe1+ 40. Kb2 Qd4+ 41. Ka3 Ra1+ 42. Kb4 Qd2+ 43. c3 Qd6+ 44. Kb5 Qb8+ 45. Ka6 Qa8+ 46. Kb6 Qxa5+ 47. Kc6 Qa8+ 48. Kc5 Qc8+ 49. Kb4 Qb8+ 50. Kc5 Ra5+ 51. Kd4 Qe5+ 52. Kd3 Qd6+ 53. Kc2 Ra8 54. b4 Rd8 55. Kb3 Qd1+ 56. Ka3 Ra8+ 57. Kb2 Qd2+ 58. Kb1 Qxc3 59. Bd5 Ra1# 0-1


[Site "https://www.chess.com"]

[Event "Titled Tuesday Blitz April 11 Early 2023"]
[White "Sadhwani, Raunak"]
[Black "Anton Guijarro, David"]
[WhiteFideId "35093487"]
[BlackFideId "2285525"]
[WhiteElo "2631"]
[BlackElo "2618"]
[Result "1/2-1/2"]
[Round "08"]
[TimeControl "180+2"]
[Date "2023.04.11"]
[WhiteClock "0:00:06"]
[BlackClock "0:00:10"]

1. Nf3 d5 2. b3 Bf5 3. Bb2 e6 4. e3 h6 5. d4 Nf6 6. Bd3 Bxd3 7. Qxd3 Nbd7 8. O-O c6 9. Nbd2 a5 10. a3 Bd6 11. c4 O-O 12. e4 dxe4 13. Nxe4 Nxe4 14. Qxe4 Nf6 15. Qc2 a4 16. bxa4 Qa5 17. d5 cxd5 18. Bxf6 gxf6 19. cxd5 Qxd5 20. Rfd1 Qc5 21. Qd2 Be7 22. Qxh6 Rxa4 23. h3 Rfa8 24. Rac1 Qf5 25. Rc7 Bf8 26. Qd2 Rxa3 27. Rxb7 Ra1 28. Rd7 Rxd1+ 29. Qxd1 Rb8 30. Qe2 Rb1+ 31. Rd1 Rxd1+ 32. Qxd1 Qe4 33. g3 Bc5 34. h4 Kg7 35. Kg2 e5 36. h5 Qg4 37. Qd5 Bf8 38. Nh4 Qxh5 39. Qe4 Qg5 40. Nf5+ Kg8 41. Qf3 Qg6 42. Ne3 Bh6 43. Nd5 Kg7 44. Ne7 Qg5 45. Qe4 Kf8 46. Nf5 Kg8 47. f3 Bf8 48. g4 Qg6 49. Qe2 Qg5 50. Qe4 Qc1 51. Qe2 Bh6 52. Qf2 Bf8 53. Qh4 Qg5 54. Qxg5+ fxg5 55. Kf2 f6 56. Ke3 Kf7 57. Ke4 Ke6 58. Ne3 Bc5 59. Nd5 Bf8 60. Nc7+ Kd7 61. Nb5 Ke6 62. Nc7+ Kd7 63. Nd5 Ke6 64. Ne3 Bc5 65. Nf5 Bf8 66. Ng3 Bc5 67. Nh5 Bf8 68. Ng3 Bc5 69. Ne2 Bf8 70. Nc3 Bc5 71. Nd5 Bf8 1/2-1/2


[Site "https://www.chess.com"]

[Event "Titled Tuesday Blitz April 11 Early 2023"]
[White "Kramnik, Vladimir"]
[Black "Narayanan, Srinath"]
[WhiteFideId "4101588"]
[BlackFideId "5018420"]
[WhiteElo "2712"]
[BlackElo "2438"]
[Result "1/2-1/2"]
[Round "08"]
[TimeControl "180+2"]
[Date "2023.04.11"]
[WhiteClock "0:00:05"]
[BlackClock "0:00:41"]

1. e4 c6 2. d4 d5 3. Nd2 dxe4 4. Nxe4 Nf6 5. Nxf6+ exf6 6. c3 Bd6 7. Bd3 O-O 8. Ne2 Re8 9. O-O Nd7 10. Ng3 Nf8 11. a4 Ng6 12. f4 c5 13. d5 Qc7 14. Qh5 c4 15. Bc2 Bd7 16. Kh1 a5 17. Ne4 f5 18. Ng5 h6 19. Nxf7 Kxf7 20. Bxf5 Bxf5 21. Qxf5+ Kg8 22. Qxg6 Re2 23. f5 Rf8 24. Qg4 Qe7 25. Bxh6 Re4 26. f6 Rxf6 27. Qc8+ Kh7 28. Bd2 Rh4 29. Rxf6 Qxf6 30. Qe6 Rxh2+ 31. Kg1 Qh4 32. Qf5+ Kh8 33. Qc8+ Kh7 34. Qf5+ Kg8 35. Qe6+ Kh8 36. Qc8+ Kh7 37. Qf5+ 1/2-1/2


[Site "https://www.chess.com"]

[Event "Titled Tuesday Blitz April 11 Early 2023"]
[White "Kuzubov, Yuriy"]
[Black "So, Wesley"]
[WhiteFideId "14112906"]
[BlackFideId "5202213"]
[WhiteElo "2496"]
[BlackElo "2749"]
[Result "1-0"]
[Round "08"]
[TimeControl "180+2"]
[Date "2023.04.11"]
[WhiteClock "0:00:36"]
[BlackClock "0:00:01"]

1. d4 Nf6 2. c4 e6 3. Nc3 d5 4. cxd5 exd5 5. Bg5 Bb4 6. e3 h6 7. Bxf6 Qxf6 8. Bd3 c6 9. Ne2 O-O 10. O-O Re8 11. a3 Bf8 12. b4 a6 13. Qb1 Nd7 14. a4 Nb6 15. a5 Nd7 16. Na4 Bd6 17. Qb2 Qe7 18. Rab1 Nf6 19. h3 Bc7 20. Rfe1 Qd6 21. Ng3 h5 22. Nc5 h4 23. Nf1 Rb8 24. f4 Nh5 25. Qf2 Qf6 26. Be2 Bf5 27. Rbc1 Qh6 28. Bg4 Bxg4 29. hxg4 Ng3 30. g5 Qg6 31. Nxg3 hxg3 32. Qxg3 Re7 33. Kf2 Qf5 34. Qh3 Qxh3 35. gxh3 Bd6 36. Re2 g6 37. h4 Kg7 38. Rh1 Rh8 39. Nd3 Re4 40. Kf3 Rh7 41. Rb2 Rh8 42. Nf2 Re7 43. Ng4 Re6 44. Ne5 Re7 45. Ke2 f5 46. gxf6+ Kxf6 47. Kf3 Reh7 48. Rg2 Rg7 49. Rhg1 Rhg8 50. Ng4+ Ke7 51. Nh6 Rh8 52. Nf5+ 1-0


[Site "https://www.chess.com"]

[Event "Titled Tuesday Blitz April 11 Early 2023"]
[White "Xiong, Jeffery"]
[Black "Durarbayli, Vasif"]
[WhiteFideId "2047640"]
[BlackFideId "13402935"]
[WhiteElo "2726"]
[BlackElo "2551"]
[Result "1/2-1/2"]
[Round "08"]
[TimeControl "180+2"]
[Date "2023.04.11"]
[WhiteClock "0:01:38"]
[BlackClock "0:00:40"]

1. e4 c5 2. Nf3 d6 3. Nc3 Nf6 4. d4 cxd4 5. Qxd4 g6 6. Nd5 Bg7 7. Bg5 Nc6 8. Qd3 Nxd5 9. exd5 Bf5 10. Qd2 Ne5 11. Nxe5 Bxe5 12. c3 O-O 13. Be2 Re8 14. O-O a6 15. a4 Rc8 16. Be3 e6 17. dxe6 Bxe6 18. Bf3 b5 19. axb5 axb5 20. Bd5 Bxd5 21. Qxd5 Qh4 22. g3 Qc4 23. Rfd1 b4 24. Qxc4 Rxc4 25. Ra4 Rb8 26. f4 Bf6 27. Rxb4 Rcxb4 28. cxb4 Rxb4 29. Rxd6 Bxb2 30. Rb6 1/2-1/2


[Site "https://www.chess.com"]

[Event "Titled Tuesday Blitz April 11 Early 2023"]
[White "Makarian, Rudik"]
[Black "Kamsky, Gata"]
[WhiteFideId "44105681"]
[BlackFideId "2000024"]
[WhiteElo "2430"]
[BlackElo "2660"]
[Result "1/2-1/2"]
[Round "08"]
[TimeControl "180+2"]
[Date "2023.04.11"]
[WhiteClock "0:00:08"]
[BlackClock "0:00:11"]

1. d4 d5 2. c4 c6 3. Nf3 Nf6 4. Nc3 a6 5. g3 Bf5 6. Bg2 e6 7. O-O h6 8. Nd2 Nbd7 9. e4 dxe4 10. Ndxe4 Nxe4 11. Nxe4 Be7 12. Nc3 O-O 13. Be3 Nf6 14. h3 Qd7 15. g4 Bh7 16. d5 cxd5 17. cxd5 Nxd5 18. Nxd5 exd5 19. Qxd5 Qxd5 20. Bxd5 a5 21. Rac1 Rfd8 22. Rfd1 Bf6 23. Bxb7 Rxd1+ 24. Rxd1 Rb8 25. Rd7 Bxb2 26. Bd5 Bg6 27. f4 Bb1 28. Bxf7+ Kh8 29. Be6 a4 30. f5 Bf6 31. Ra7 Bc2 32. Kf2 Rd8 33. Kf3 Bd1+ 34. Kf2 Bh4+ 35. Kg2 Bc2 36. Rd7 Be4+ 37. Kf1 Rxd7 38. Bxd7 Bd5 39. Be6 Bf3 40. Bd4 Bd1 41. Bf2 Bf6 42. Ke1 Bc2 43. Kd2 Bb1 44. Ke3 a3 45. Kf4 Be7 46. Bd4 Kh7 47. Kg3 Bd6+ 48. Kf3 Be7 49. Bf2 Bc2 50. Bd4 Bd1+ 51. Kf4 Bd6+ 52. Be5 Be7 53. Ke3 Bc5+ 54. Bd4 Be7 55. Bd5 Bc2 56. Kd2 Ba4 57. Kc3 Bb5 58. Bg2 Kg8 59. Kb3 Kh7 60. Bc3 Be2 61. Bb4 Bf6 62. Kxa3 h5 63. gxh5 Kh6 64. Bd2+ Kxh5 65. Kb3 Kh4 66. Be4 Kxh3 67. a4 Kg4 68. Kb4 Be7+ 69. Ka5 Bd8+ 70. Kb4 Be7+ 71. Kb3 Bd1+ 72. Bc2 Bxc2+ 73. Kxc2 Kxf5 74. a5 Ke6 75. a6 Bc5 76. Kd3 Kd7 77. Be3 Bxe3 78. Kxe3 Kc7 79. a7 Kb7 80. Kf4 Kxa7 81. Kg5 Kb6 82. Kg6 Kc5 83. Kxg7 1/2-1/2


[Site "https://www.chess.com"]

[Event "Titled Tuesday Blitz April 11 Early 2023"]
[White "Eljanov, Pavel"]
[Black "Goltsev, Dmitry"]
[WhiteFideId "14102951"]
[BlackFideId "24176710"]
[WhiteElo "2598"]
[BlackElo "2336"]
[Result "1/2-1/2"]
[Round "08"]
[TimeControl "180+2"]
[Date "2023.04.11"]
[WhiteClock "0:00:08"]
[BlackClock "0:00:17"]

1. e4 e6 2. d4 d5 3. e5 c5 4. c3 Nc6 5. Nf3 cxd4 6. cxd4 Nge7 7. Nc3 Nf5 8. a3 h5 9. b4 a6 10. h4 Be7 11. g3 Qb6 12. Na4 Qa7 13. Bb2 b6 14. Bd3 g6 15. O-O Bd7 16. Rc1 Rc8 17. Qe2 Ra8 18. Nc3 Ncxd4 19. Nxd4 Nxd4 20. Qe3 Nf5 21. Bxf5 gxf5 22. Nxd5 Bd8 23. Rfd1 Qb7 24. Rc7 Bxc7 25. Nf6+ Kd8 26. Rxd7+ Kc8 27. Rxf7 Qc6 28. a4 Rd8 29. Qe2 Qxa4 30. Nxh5 Qd1+ 31. Qxd1 Rxd1+ 32. Kg2 Kb7 33. Nf4 Re8 34. h5 Rd2 35. Bc1 Rc2 36. Be3 Kc6 37. h6 Bxe5 38. Ng6 Bc3 39. h7 Kb5 40. Bh6 Kxb4 41. Bg7 Bxg7 42. Rxg7 Rcc8 43. Ne7 Rxe7 44. Rxe7 Rh8 45. Rxe6 Kb5 46. Re5+ Kc4 47. Re6 b5 48. Rxa6 Rxh7 49. Rf6 Rh5 50. g4 Rg5 51. Kg3 Rxg4+ 52. Kf3 Rg5 53. Kf4 Rh5 54. Rc6+ Kd5 55. Rb6 Kc5 56. Rb8 b4 57. Ke5 Kc4 58. f4 b3 59. Kf6 Kc3 60. Kg6 Rh1 61. Kxf5 b2 62. Kg6 b1=Q+ 63. Rxb1 Rxb1 64. f5 Rg1+ 65. Kf7 Kd4 66. f6 Ke5 67. Ke7 Ra1 68. f7 Ra7+ 69. Ke8 Ke6 70. f8=N+ Kd6 71. Ng6 Rg7 72. Nf8 Re7+ 73. Kd8 Rf7 74. Ke8 Rf1 75. Ng6 Ke6 76. Nf8+ Kd6 77. Ng6 Rf2 78. Nf8 Rf6 79. Nd7 Re6+ 80. Kd8 Rh6 81. Nf8 Rf6 82. Ke8 Rf4 83. Ng6 Rf5 84. Nf8 Rf6 85. Nh7 Rh6 86. Nf8 Rh1 87. Kf7 Rf1+ 88. Kg7 Ke7 89. Ng6+ Ke6 90. Nf8+ Kf5 91. Kf7 Ra1 92. Ke7 Ra7+ 93. Nd7 Ra6 94. Nf8 Ke5 95. Nd7+ Kd5 96. Nf6+ Kd4 97. Nd7 Rh6 98. Nf8 Kd5 99. Kf7 Ke5 100. Ng6+ Kf5 101. Ne7+ Kg5 102. Ke8 Rd6 103. Kf7 Ra6 104. Nc8 Rc6 105. Ne7 Rf6+ 106. Ke8 Ra6 107. Kd7 Kf6 108. Nc6 Ra1 109. Kd6 Rd1+ 110. Kc5 Ke6 111. Nd4+ Rxd4 112. Kxd4 1/2-1/2


[Site "https://www.chess.com"]

[Event "Titled Tuesday Blitz April 11 Early 2023"]
[White "Ibarra Jerez, Jose Carlos"]
[Black "Rosen, Eric"]
[WhiteFideId "2226332"]
[BlackFideId "2032562"]
[WhiteElo "2638"]
[BlackElo "2331"]
[Result "1-0"]
[Round "08"]
[TimeControl "180+2"]
[Date "2023.04.11"]
[WhiteClock "0:00:37"]
[BlackClock "0:00:06"]

1. e4 c5 2. Ne2 Nc6 3. Nbc3 g6 4. d4 cxd4 5. Nxd4 Bg7 6. Be3 Nf6 7. Bc4 O-O 8. Bb3 Re8 9. f3 e6 10. f4 Nd5 11. exd5 exd5 12. O-O Rxe3 13. Ndb5 d4 14. Nd5 Rxb3 15. axb3 a6 16. f5 Rb8 17. f6 Bf8 18. Nxd4 Bc5 19. c3 d6 20. Kh1 Bxd4 21. Ne7+ Nxe7 22. fxe7 Qxe7 23. Qxd4 Be6 24. b4 Rc8 25. Rae1 Qd7 26. Rd1 d5 27. Rfe1 Qc7 28. Qf6 Qc6 29. Rd4 Qd7 30. Red1 b5 31. Rf4 Qd6 32. Re1 Re8 33. h3 Qf8 34. Qd4 Qd6 35. Rf6 Rc8 36. Qa7 Rc7 37. Qd4 Rc4 38. Qa7 Re4 39. Ref1 Qf8 40. Qxa6 Qe8 41. Qb7 Re2 42. R6f2 Bf5 43. Qb6 Qe4 44. Rxe2 Qxe2 45. Qf2 Qe6 46. Re1 Be4 47. Kg1 f5 48. Ra1 Kg7 49. Ra7+ Kf6 50. Qh4+ Ke5 51. Re7 d4 52. cxd4+ Kd5 53. Rxe6 Kxe6 54. Qxh7 f4 55. Qc7 Bf5 56. Qe5+ Kf7 57. Qxb5 Kg7 58. Qc5 f3 59. g4 Be6 60. Kf2 g5 61. Qxg5+ Kf8 62. Qf6+ Bf7 63. Qxf7+ Kxf7 64. Kxf3 Kg7 65. Ke4 Kh8 66. Kf5 1-0


[Site "https://www.chess.com"]

[Event "Titled Tuesday Blitz April 11 Early 2023"]
[White "Yuan, Qingyu"]
[Black "Duda, Jan-Krzysztof"]
[WhiteFideId "8609772"]
[BlackFideId "1170546"]
[WhiteElo "2359"]
[BlackElo "2790"]
[Result "0-1"]
[Round "08"]
[TimeControl "180+2"]
[Date "2023.04.11"]
[WhiteClock "0:00:07"]
[BlackClock "0:00:46"]

1. e4 c6 2. d4 d5 3. exd5 cxd5 4. Bd3 Nc6 5. c3 Nf6 6. h3 g6 7. Nf3 Bf5 8. O-O Bxd3 9. Qxd3 e6 10. Bf4 h6 11. Ne5 Nxe5 12. Bxe5 a6 13. Nd2 Bd6 14. Qf3 Bxe5 15. dxe5 Nd7 16. Qf4 Qg5 17. Qxg5 hxg5 18. Nf3 Ke7 19. Rfe1 Rh5 20. Rad1 b5 21. Rd4 Nc5 22. Rg4 Ne4 23. Re2 Rc8 24. Nd2 Nc5 25. Nf3 Ne4 26. Nd2 Nxd2 27. Rxd2 Rc4 28. Rdd4 f6 29. exf6+ Kxf6 30. Rxc4 bxc4 31. b3 cxb3 32. axb3 Rh7 33. Ra4 Rb7 34. Rxa6 Rxb3 35. Rc6 Rb2 36. f3 Rc2 37. Rc5 Ke5 38. Kf1 Kf4 39. Rc6 e5 40. Rxg6 Rxc3 41. Rd6 Rc1+ 42. Ke2 Rc2+ 43. Kf1 d4 44. Kg1 Kg3 45. Kf1 Rxg2 46. Re6 Rf2+ 47. Ke1 Rxf3 48. Rxe5 Re3+ 49. Rxe3+ dxe3 50. Ke2 Kxh3 51. Kxe3 g4 52. Kf2 g3+ 53. Kg1 g2 54. Kf2 Kh2 55. Kf3 g1=Q 56. Kf4 Qg6 57. Ke5 Kg1 58. Kf4 Kf2 59. Ke5 Ke3 60. Kd5 Qe4+ 0-1


[Site "https://www.chess.com"]

[Event "Titled Tuesday Blitz April 11 Early 2023"]
[White "Harsh Suresh"]
[Black "Andreikin, Dmitry"]
[WhiteFideId "45018464"]
[BlackFideId "4158814"]
[WhiteElo "2227"]
[BlackElo "2736"]
[Result "0-1"]
[Round "08"]
[TimeControl "180+2"]
[Date "2023.04.11"]
[WhiteClock "0:00:06"]
[BlackClock "0:00:14"]

1. e4 c5 2. Nc3 g6 3. d4 cxd4 4. Qxd4 Nf6 5. Bb5 a6 6. e5 axb5 7. exf6 Nc6 8. fxe7 Qxe7+ 9. Qe3 Nb4 10. Kd1 d5 11. Qxe7+ Bxe7 12. Nxb5 Bf5 13. Nd4 Nxa2 14. Nxf5 gxf5 15. Rb1 Nxc1 16. Rxc1 Ra2 17. Rb1 Bf6 18. c3 d4 19. cxd4 Bxd4 20. Nf3 Bxf2 21. Rf1 Be3 22. Kc2 O-O 23. Kb3 Ra6 24. Ne5 Rb6+ 25. Kc2 Rc8+ 26. Kd1 f4 27. Ng4 Re6 28. Ke2 Bb6+ 29. Kf3 h5 30. Nf2 Rc2 31. Nh3 Re3+ 32. Kxf4 Rxg2 33. Rg1 Rxg1 34. Rxg1+ Kf8 35. Ng5 Rb3 36. Rg2 Be3+ 37. Ke4 Bxg5 38. Rxg5 h4 39. Rg2 Ke7 40. Rc2 Kd6 41. Kf4 h3 42. Kf5 Kd5 43. Rd2+ Kc4 44. Kf6 Rf3+ 45. Kg5 b5 46. Kg4 Re3 47. Rf2 Kb3 48. Rxf7 Kxb2 49. Rb7 Rb3 50. Kf4 Kc3 51. Ke4 b4 52. Rc7+ Kb2 53. Rb7 Kc3 54. Rc7+ Kd2 55. Rd7+ Kc2 56. Rc7+ Rc3 57. Rf7 b3 58. Rf2+ Kb1 59. Kd4 Rc8 60. Rf1+ Ka2 61. Rf8 Rxf8 62. Ke5 b2 63. Ke6 b1=Q 64. Ke7 Qb4+ 65. Ke6 Qf4 66. Kd7 Qf6 67. Kc7 Rd8 68. Kb7 Qd6 69. Ka7 Ka3 70. Kb7 Rb8+ 71. Ka7 Qb6# 0-1


[Site "https://www.chess.com"]

[Event "Titled Tuesday Blitz April 11 Early 2023"]
[White "Mahdavi, Reza"]
[Black "Le, Tuan Minh"]
[WhiteFideId "12595926"]
[BlackFideId "12401153"]
[WhiteElo "2357"]
[BlackElo "2566"]
[Result "0-1"]
[Round "08"]
[TimeControl "180+2"]
[Date "2023.04.11"]
[WhiteClock "0:01:00"]
[BlackClock "0:02:01"]

1. Nf3 d5 2. g3 Nd7 3. d4 Nb6 4. Bg2 Bf5 5. O-O e6 6. b3 Be7 7. Bb2 h6 8. c4 c6 9. Nbd2 Nf6 10. Re1 O-O 11. Ne5 a5 12. a3 Nbd7 13. Nxd7 Qxd7 14. e4 dxe4 15. Nxe4 Nxe4 16. Bxe4 Bxe4 17. Rxe4 Rfd8 18. Qc2 Bf6 19. Rae1 b5 20. h4 Rab8 21. Bc3 a4 22. bxa4 bxc4 23. a5 Qd5 24. Rb1 Rxb1+ 25. Qxb1 c5 26. Rf4 cxd4 27. Bb4 d3 0-1


[Site "https://www.chess.com"]

[Event "Titled Tuesday Blitz April 11 Early 2023"]
[White "Cherniaiev, Tykhon"]
[Black "Vachier-Lagrave, Maxime"]
[WhiteFideId "14182360"]
[BlackFideId "623539"]
[WhiteElo "2450"]
[BlackElo "2740"]
[Result "0-1"]
[Round "08"]
[TimeControl "180+2"]
[Date "2023.04.11"]
[WhiteClock "0:00:04"]
[BlackClock "0:01:48"]

1. Nf3 Nf6 2. d4 g6 3. c4 Bg7 4. Nc3 d5 5. Bg5 Ne4 6. cxd5 Nxg5 7. Nxg5 e6 8. Nf3 exd5 9. e3 c6 10. Be2 a5 11. a3 Qd6 12. O-O O-O 13. Rb1 Na6 14. h3 Re8 15. Qd2 Nc7 16. b4 axb4 17. axb4 b5 18. Rfc1 Bd7 19. Ne1 h5 20. Nd3 h4 21. Nc5 Ne6 22. Nxd7 Qxd7 23. Bf1 Qd6 24. Qb2 f5 25. Bd3 Kh7 26. Ne2 Ra6 27. Ra1 Rea8 28. Rxa6 Rxa6 29. Qb1 Kh8 30. Qb3 Bf8 31. Rb1 Ra4 32. Qc3 Kg7 33. Rc1 Ra6 34. Rb1 Be7 35. Kf1 Qh2 36. Ng1 Qb8 37. Ne2 Qa8 38. Kg1 Ra3 39. Qc2 Qa4 40. Qxc6 Nd8 41. Qd7 Qa7 42. Qxa7 Rxa7 43. Bxb5 Bd6 44. Bd3 Ra3 45. Rd1 Bxb4 46. Nf4 Ra5 47. Rb1 Bd6 48. Rc1 Bxf4 49. exf4 Ne6 50. g3 hxg3 51. fxg3 Ra3 52. Rd1 Nxd4 53. g4 Kf6 54. gxf5 gxf5 55. Kf2 Ne6 56. Be2 Nxf4 57. Bf3 Nxh3+ 58. Ke2 d4 59. Rxd4 Ng1+ 60. Ke1 Nxf3+ 61. Kf2 Nxd4 62. Kg2 f4 63. Kf2 Ra2+ 64. Kf1 f3 65. Kg1 Re2 66. Kf1 Nf5 67. Kg1 Ke5 68. Kf1 Ng3+ 69. Kg1 Rg2# 0-1


[Site "https://www.chess.com"]

[Event "Titled Tuesday Blitz April 11 Early 2023"]
[White "Liyanage, Ranindu Dilshan"]
[Black "Paravyan, David"]
[WhiteFideId "9915834"]
[BlackFideId "4194985"]
[WhiteElo "2199"]
[BlackElo "2563"]
[Result "0-1"]
[Round "08"]
[TimeControl "180+2"]
[Date "2023.04.11"]
[WhiteClock "0:01:27"]
[BlackClock "0:02:31"]

1. d4 Nf6 2. c4 e6 3. Nc3 Bb4 4. a3 Bxc3+ 5. bxc3 b6 6. f3 Nc6 7. e4 Na5 8. Bd3 Ba6 9. Qe2 c5 10. d5 d6 11. f4 O-O 12. e5 exd5 13. cxd5 Bxd3 14. Qxd3 dxe5 15. c4 Re8 16. Ne2 b5 17. cxb5 Qxd5 18. Qxd5 Nxd5 19. O-O Nb3 20. Rb1 c4 21. Bb2 Nd2 22. Bxe5 f6 23. Rbd1 Nxf1 24. Rxd5 Ne3 0-1


[Site "https://www.chess.com"]

[Event "Titled Tuesday Blitz April 11 Early 2023"]
[White "Svane, Rasmus"]
[Black "Rodshtein, Maxim"]
[WhiteFideId "4657101"]
[BlackFideId "2806851"]
[WhiteElo "2597"]
[BlackElo "2555"]
[Result "1-0"]
[Round "08"]
[TimeControl "180+2"]
[Date "2023.04.11"]
[WhiteClock "0:00:15"]
[BlackClock "0:00:07"]

1. Nf3 g6 2. e4 Bg7 3. d4 d6 4. Bd3 Nf6 5. O-O O-O 6. h3 Nc6 7. d5 Nb4 8. c4 e5 9. dxe6 Bxe6 10. Nc3 c5 11. Bf4 Qb6 12. Be2 Rad8 13. Qd2 Rfe8 14. Rfe1 Nc6 15. Rad1 Ne5 16. b3 Nfd7 17. Bg5 Ra8 18. Nb5 Nxf3+ 19. Bxf3 Ne5 20. Qxd6 Nxf3+ 21. gxf3 h6 22. Be3 Qa5 23. Qd2 Qxd2 24. Rxd2 Bxh3 25. Bxc5 b6 26. Bd4 Bf8 27. Nc7 Bb4 28. Red1 Bxd2 29. Rxd2 Rad8 30. Nxe8 Rxe8 31. Kh2 Be6 32. Bf6 g5 33. Kg3 Kh7 34. f4 gxf4+ 35. Kxf4 Rg8 36. f3 h5 37. Rh2 Kh6 38. Ke5 Rg3 39. f4 Bg4 40. f5 Re3 41. Kd4 Re1 42. b4 Rd1+ 43. Ke5 Rc1 44. Kd5 Rd1+ 45. Bd4 Bf3 46. c5 bxc5 47. bxc5 Kg5 48. c6 Kf4 49. Rh4+ Kg3 50. c7 Rc1 51. Bc5 Rd1+ 52. Ke5 1-0


[Site "https://www.chess.com"]

[Event "Titled Tuesday Blitz April 11 Early 2023"]
[White "Indjic, Aleksandar"]
[Black "Rohith Krishna S"]
[WhiteFideId "911925"]
[BlackFideId "46617051"]
[WhiteElo "2614"]
[BlackElo "2270"]
[Result "0-1"]
[Round "08"]
[TimeControl "180+2"]
[Date "2023.04.11"]
[WhiteClock "0:00:06"]
[BlackClock "0:00:17"]

1. d4 Nf6 2. c4 c5 3. d5 e6 4. Nc3 exd5 5. cxd5 g6 6. Nf3 d6 7. e4 Bg7 8. h3 O-O 9. Bd3 Nbd7 10. O-O a6 11. a4 b6 12. Bf4 Ne8 13. Bh2 Ne5 14. Be2 Nc7 15. Nd2 f5 16. f4 Nf7 17. g4 Re8 18. Kh1 Rb8 19. Nc4 fxe4 20. Qc2 Qh4 21. Kg2 h5 22. Bg3 Qe7 23. Rad1 Bd7 24. b3 b5 25. axb5 axb5 26. Ne3 b4 27. Nb1 Nb5 28. Bc4 Nd4 29. Qf2 Nh6 30. Bh4 Qf7 31. Qg3 hxg4 32. hxg4 Ra8 33. Bg5 Ra2+ 34. Rd2 Rea8 35. Rff2 Ra1 36. Rd1 R8a2 37. Rdd2 Ra8 38. Rd1 Qe8 39. Bxh6 Bxh6 40. Rh1 Bg7 41. Qh4 R8a2 42. Qh7+ Kf8 43. Nd2 Rxh1 44. Qxh1 Qa8 45. Qh7 Nf3 46. Nxf3 exf3+ 47. Kxf3 Rxf2+ 48. Kxf2 Qa2+ 49. Kf3 Qb1 50. Qh4 Ke8 51. Qh7 Bd4 52. Qg8+ Ke7 53. Qh7+ Kd8 54. Qh2 Qe1 55. Qf2 Qh1+ 56. Qg2 Qh4 57. Nc2 Bf6 58. Bd3 g5 59. Bf5 Bxf5 60. gxf5 Qxf4+ 61. Ke2 Qxf5 62. Ne3 Qb1 63. Qh3 Qb2+ 64. Kf3 Qxb3 65. Qe6 Be5 66. Ke4 Qb1+ 67. Kf3 Qh7 68. Nf5 Qd7 69. Qg6 Kc7 70. Ke4 b3 71. Ne3 b2 72. Kf3 g4+ 73. Ke2 g3 74. Nc4 Qb5 75. Qh7+ Kb8 76. Qg8+ Ka7 77. Qh7+ Qb7 78. Qb1 g2 79. Nxe5 dxe5 80. d6 g1=Q 81. Qxg1 b1=Q 82. Qxc5+ Q1b6 83. Qa3+ Q6a6+ 84. Qxa6+ Qxa6+ 0-1


[Site "https://www.chess.com"]

[Event "Titled Tuesday Blitz April 11 Early 2023"]
[White "Wong, Yinn Long"]
[Black "Grigoriants, Sergey"]
[WhiteFideId "5707684"]
[BlackFideId "4130804"]
[WhiteElo "2271"]
[BlackElo "2502"]
[Result "0-1"]
[Round "08"]
[TimeControl "180+2"]
[Date "2023.04.11"]
[WhiteClock "0:00:02"]
[BlackClock "0:00:09"]

1. e4 c5 2. a3 Nc6 3. b4 e5 4. b5 Nd4 5. c3 Ne6 6. Nf3 d5 7. d3 Nf6 8. exd5 Nxd5 9. g3 g6 10. Bg2 Bg7 11. O-O O-O 12. Qb3 Nb6 13. a4 a6 14. Na3 axb5 15. Nxb5 Qxd3 16. Be3 Qc4 17. Qc2 Nd4 18. Bxd4 cxd4 19. Nd2 Qc5 20. Nb3 Qe7 21. cxd4 exd4 22. N3xd4 Rd8 23. Rfe1 Qf6 24. Qc7 Bf8 25. Rad1 Nd5 26. Bxd5 Rxd5 27. Qc4 Rc5 28. Qb3 Bg4 29. Rc1 Rd8 30. Nc2 Rdc8 31. Nba3 Bh3 32. Qe3 Qc6 33. f3 Rc3 34. Qe2 Bxa3 35. Nxa3 Rxc1 0-1


[Site "https://www.chess.com"]

[Event "Titled Tuesday Blitz April 11 Early 2023"]
[White "Terry, Renato"]
[Black "Averjanov, Alexey"]
[WhiteFideId "3803457"]
[BlackFideId "14109867"]
[WhiteElo "2575"]
[BlackElo "2734"]
[Result "1-0"]
[Round "08"]
[TimeControl "180+2"]
[Date "2023.04.11"]
[WhiteClock "0:00:59"]
[BlackClock "0:00:35"]

1. d4 d5 2. Bg5 Bf5 3. e3 Nd7 4. Bd3 Bg6 5. c4 Bxd3 6. Qxd3 dxc4 7. Qxc4 Ngf6 8. Nc3 c6 9. Nf3 e6 10. O-O Be7 11. e4 O-O 12. Rfd1 h6 13. Bf4 Qb6 14. Rac1 Rfe8 15. h3 Rac8 16. e5 Nd5 17. Nxd5 exd5 18. Qa4 Nf8 19. Be3 Ne6 20. Rc2 Red8 21. Rd3 c5 22. Rb3 Qc7 23. Qxa7 Ra8 24. Qxb7 Qxb7 25. Rxb7 cxd4 26. Nxd4 Nxd4 27. Bxd4 Bf8 28. b3 Rdc8 29. Rxc8 Rxc8 30. Rd7 Bb4 31. Rxd5 Rc1+ 32. Kh2 Rc2 33. a4 Rd2 34. f4 Kh7 35. a5 Bc3 36. Bxc3 Rxd5 37. a6 Rd7 38. b4 Kg6 39. b5 Kf5 40. b6 1-0


[Site "https://www.chess.com"]